 Dungeon Crawl Stone Soup version 0.29-a0-317-gd16b76e6b1 (webtiles) character file.

Game seed: 14715296158985485797

46 Murumi the Skirmisher (level 3, -1/30 HPs)
             Began as a Formicid Abyssal Knight on Mar 31, 2022.
             Was a Believer of Lugonu.
             Killed from afar by Sigmund (6 damage)
             ... with a magic dart
             ... on level 2 of the Dungeon.
             The game lasted 00:05:06 (1622 turns).

Murumi the Skirmisher (Formicid Abyssal Knight)     Turns: 1622, Time: 00:05:07

Health: -1/30      AC:  4    Str: 19    XL:     3   Next: 95%
Magic:  4/4        EV: 11    Int: 11    God:    Lugonu [**....]
Gold:   57         SH:  0    Dex: 13    Spells: 2/2 levels left

rFire   . . .      SeeInvis +   e - +0 whip
rCold   . . .      Faith    .   (no shield)
rNeg    . . .      Spirit   .   b - +0 leather armour
rPois   .          Reflect  .   (helmet unavailable)
rElec   .          Harm     .   (no cloak)
rCorr   .          Rampage  .   c - +0 pair of gloves
Will    .....                   (no boots)
Stlth   +.........              (no amulet)
HPRegen 0.10/turn               (no ring)
MPRegen 0.09/turn               (no ring)

@: confused
A: permanent stasis, dig shafts and tunnels, antennae 3, four strong arms, agile
1, clever 1, low MP 1
a: Dig, Shaft Self, Renounce Religion, Depart the Abyss, Bend Space


You were on level 2 of the Dungeon.
You worshipped Lugonu.
Lugonu was pleased with you.
You visited 1 branch of the dungeon, and saw 2 of its levels.
You visited the Abyss 1 time.

You collected 57 gold pieces.

Inventory:

Hand Weapons
 e - a +0 whip (weapon)
Armour
 b - a +0 leather armour (worn)
 c - a +0 pair of gloves (worn)
Scrolls
 d - a scroll of summoning


   Skills:
 - Level 4.0 Fighting
 + Level 2.2 Maces & Flails
 - Level 3.0 Armour
 - Level 1.0 Dodging
 - Level 3.0 Invocations


You had 2 spell levels left.
You didn't know any spells.
Your spell library was empty.

Dungeon Overview and Level Annotations

Branches:
Dungeon (2/15)

Altars:

Shops:
D:1 :

Annotations:
D:2 Sigmund


Innate Abilities, Weirdness & Mutations

You cannot be hasted, slowed, berserked, paralysed or teleported.
You can dig through walls and to a lower floor.
You have a pair of large antennae on your head. (SInv)
Your four strong arms can wield two-handed weapons with a shield.
You are agile. (Dex +2)
Your mind is acute. (Int +2)
Your magical capacity is low. (-10% MP)


Message History

Sigmund closely misses you.
You hit Sigmund.
Sigmund is heavily wounded.
Sigmund closely misses you.
You barely miss Sigmund.
Sigmund is heavily wounded.
You hit Sigmund.
Sigmund is heavily wounded.
Sigmund closely misses you.
You completely miss Sigmund.
Sigmund is heavily wounded.
Sigmund gestures wildly while chanting.
Sigmund flickers and vanishes for a moment.
You barely miss Sigmund.
Sigmund is heavily wounded.
Sigmund completely misses you.
You completely miss Sigmund.
Sigmund is heavily wounded.
You whack Sigmund!
Sigmund is almost dead.
Sigmund hits you with a +0 scythe.
* * * LOW HITPOINT WARNING * * *
You barely miss Sigmund.
Sigmund is almost dead.
Sigmund barely misses you.
You barely miss Sigmund.
Sigmund is almost dead.
You closely miss Sigmund.
Sigmund is almost dead.
Sigmund casts a spell at you. The magic dart hits you.
* * * LOW HITPOINT WARNING * * *
You closely miss Sigmund.
Sigmund is almost dead.
Sigmund gestures at you while chanting.
You are confused.
Sigmund attacks as you move away! Sigmund barely misses you.
Sigmund casts a spell at you. The magic dart hits you.
You die...

##### ##...# #..#.#
##########
#...)#####........#
####..#.......#.##....
#....@..#####...##.#.#
#.##.##.# ######.#..
#@##.# #.#.. #..#.#
#.#.. ##.#.# ##....
.#.# #..... ...#
#.###. .### #.###. ..
{ #.#...


You could see Sigmund (invisible).

Vanquished Creatures
  Robin (D:2)
  2 ball pythons
  3 bats
  2 endoplasms (D:1)
  11 goblins
  4 hobgoblins
  A jackal (D:1)
  A quokka (D:2)
  A frilled lizard (D:1)
  2 kobolds
  A rat (D:1)
29 creatures vanquished.

Notes
Turn   | Place    | Note
-------+----------+-------------------------------------------
     0 | Abyss:1  | Murumi the Formicid Abyssal Knight began the quest for the
                  | Orb.
     0 | Abyss:1  | Reached XP level 1. HP: 18/18 MP: 2/2
    65 | Abyss:1  | Noticed a raiju
    65 | Abyss:1  | Noticed a cacodemon
    66 | D:1      | Escaped the Abyss
   145 | D:1      | Reached skill level 1 in Dodging
   188 | D:1      | Found a faded altar of an unknown god.
   188 | D:1      | Noticed a neqoxec
   287 | D:1      | Found Ciallosa's Book Boutique.
   308 | D:1      | Reached ** piety under Lugonu
   781 | D:1      | Reached XP level 2. HP: 24/25 MP: 3/3
   798 | D:1      | You fall into a shaft and drop 1 floor!
   799 | D:2      | Noticed Robin
   806 | D:2      | Reached skill level 4 in Fighting
   825 | D:2      | Gained mutation: Your magical capacity is low. (-10% MP)
                  | [potion of mutation]
   825 | D:2      | Gained mutation: You are agile. (Dex +2) [potion of
                  | mutation]
   825 | D:2      | Gained mutation: Your mind is acute. (Int +2) [potion of
                  | mutation]
   837 | D:2      | Killed Robin
   838 | D:2      | Reached XP level 3. HP: 16/29 MP: 4/4
  1593 | D:2      | Noticed Sigmund
  1622 | D:2      | Killed from afar by Sigmund

Illustrated notes

Levels and vault maps discovered:
D:1:      dpeg_arrival_more_subterranean_lakeside_camping, layout_basic,
          serial_shops, nicolae_shop_statue_plus,
          dreamdust_ecumenical_altar_sealed_demon
D:2:      layout_loops_cross, serial_shops,
          nicolae_shop_temple_entry_statues_fountains, grunt_ministairs_13,
          uniq_sigmund, uniq_robin

Skill      XL: |  1  2  3 |
---------------+----------+-----
Dodging        | 1 |  1.0
Fighting       | 4 |  4.0
Armour         | 3 |  3.0
Invocations    | 3 |  3.0
Maces & Flails | |  2.2

Action                   || total
-------------------------++-------
Melee: Mace              ||    89
       Punch             ||     1
       Whip              ||    19
Invok: Depart the Abyss  ||     1
 Abil: Dig               ||     1
  Use: Scroll            ||     4
       Potion            ||     2
Armor: Leather armour    ||    27
Dodge: Dodged            ||    62

Table legend: (Time is in decaauts)
 A = Elapsed time spent in this place.
 B = Non-inter-level travel time spent in this place.
 C = Inter-level travel time spent in this place.
 D = Time resting spent in this place.
 E = Time spent auto-exploring this place.
 F = Levels seen in this place.
 G = Mean time per level.
                   A        B        C        D        E       F      G
               +--------+--------+--------+--------+--------+-----+--------+
         Total |   1649 |   1600 |     49 |      0 |   1344 |   3 |  549.7 |
       Dungeon |   1583 |   1534 |     49 |      0 |   1279 |   2 |  791.5 |
         Abyss |     66 |     66 |      0 |      0 |     65 |   1 |   66.0 |
               +--------+--------+--------+--------+--------+-----+--------+

Top non-repeatable levels by time:
     D:1: 1129 daAuts
     D:2: 454 daAuts
 Abyss:1: 66 daAuts
